 Dungeon Crawl Stone Soup version 0.30.0-10-gfe55d96785 (webtiles) character file.

Game seed: 3782266292726971025

215 browni3141 the Slasher (level 5, 0/29 (41) HPs)
             Began as a Demigod Reaver on May 14, 2023.
             Slain by Blork the orc
             ... wielding a +4 heavy war axe
              (15 damage)
             ... on level 3 of the Dungeon.
             The game lasted 00:03:55 (3236 turns).

browni3141 the Slasher (Demigod Reaver)             Turns: 3236, Time: 00:03:55

HP:   0/29 (41)     AC:  5    Str: 13    XL:     5   Next: 34%
MP:   9/10          EV: 12    Int: 15    God:
Gold: 217           SH:  0    Dex: 16    Spells: 6/7 levels left

rFire   + . .        a - +1 falchion
rCold   + . .        (no shield)
rNeg    . . .        b - +0 leather armour
rPois   .            W - +1 helmet
rElec   .            T - scarf {rC+ rF+}
rCorr   .            (no gloves)
SInv    .            (no boots)
Will    .....        (no amulet)
Stlth   +            (no ring)
HPRegen 0.24/turn    (no ring)
MPRegen 0.12/turn

%: no passive effects
@: very heavily drained
A: high MP 1, forlorn, divine attributes
a: no special abilities


You were on level 3 of the Dungeon.
You visited 1 branch of the dungeon, and saw 4 of its levels.

You collected 217 gold pieces.

Inventory:

Hand Weapons
 a - a +1 falchion (weapon)
 U - a +0 dagger of venom
Missiles
 J - 5 poisoned darts
Armour
 b - a +0 leather armour (worn)
 P - a +0 cloak
 T - a scarf of resistance (worn)
 W - a +1 helmet (worn)
Magical Staves
 Q - a staff of conjuration
Scrolls
 N - a scroll of vulnerability
 O - a scroll of enchant weapon
 S - a scroll of poison
 X - a scroll of brand weapon {unknown}
 Z - a scroll of fog {unknown}
Potions
 L - 3 potions of curing {unknown}
 R - 2 potions of attraction {unknown}
 V - 3 potions of heal wounds {unknown}
 Y - a potion of haste {unknown}


   Skills:
 - Level 2.0 Fighting
 * Level 5.7 Long Blades
 - Level 1.7 Dodging
 - Level 1.7 Spellcasting
 - Level 2.6 Conjurations


You had 6 spell levels left.
You knew the following spells:

 Your Spells              Type           Power      Damage    Failure   Level
K - Kiss of Death         Conj/Necr      20%        2d7       17%         1

Your spell library contained the following spells:

 Spells                   Type           Power      Damage    Failure   Level
 Momentum Strike          Conj/Tloc      10%        3d8       26%         2
 Hailstorm                Conj/Ice       5%         3d4       45%         3


Dungeon Overview and Level Annotations

Branches:
Dungeon (4/15)
 Temple: D:4-7

Annotations:
D:3 3 runed translucent doors, Blork the orc; ionbeam3's ghost, amateur MiGl
D:4 Dowan; Duvessa


Innate Abilities, Weirdness & Mutations

You have an increased reservoir of magic. (+10% MP)
You shall have no god before yourself.
Your divine heritage dramatically boosts your attributes as you level up.


Message History

The adder barely misses you.
You hit the adder.
The adder is almost dead.
The adder barely misses you.
You hit the adder.
The adder is almost dead.
The adder bites you but does no damage. The adder bites you.
You are poisoned.
The adder poisons you!
You closely miss the adder.
The adder is almost dead.
You feel sick. The adder bites you but does no damage.
You hit the adder.
You kill the adder!
You feel sick.
You feel sick.
You feel sick.
You feel sick.
You feel sick.
You feel sick.
You are no longer poisoned.
An adder comes into view.
The adder hisses angrily.
An adder is nearby!
An adder is nearby!
The adder closely misses you.
You barely miss the adder. The adder completely misses you.
The adder barely misses you.
You closely miss the adder. The adder bites you but does no damage.
You miss the adder. The adder bites you.
You are poisoned.
The adder poisons you!
You hit the adder.
The adder is lightly wounded.
You feel sick. The adder closely misses you.
The adder bites you but does no damage.
You barely miss the adder.
The adder is lightly wounded.
You feel sick. The adder closely misses you.
You completely miss the adder.
The adder is lightly wounded.
You feel sick. The adder completely misses you.
You closely miss the adder.
The adder is lightly wounded.
You feel sick. The adder bites you.
You barely miss the adder.
The adder is lightly wounded.
You feel sick.
You are no longer poisoned.
The adder barely misses you. The adder closely misses you.
You barely miss the adder. The adder barely misses you.
You closely miss the adder. The adder barely misses you.
You hit the adder.
The adder is heavily wounded.
The adder bites you but does no damage. The adder closely misses you.
You hit the adder.
The adder is almost dead.
The adder barely misses you.
You slash the adder!
You kill the adder!
You see here a +0 dagger.
The orc shouts!
The hound barks!
Ionbeam3's ghost wails.
Could not explore, unopened runed door.
The jackal barks!
There is a stone staircase leading down here.
You climb downwards.
Found 84 gold pieces, a scroll of identify and a ring mail.
Found a glowing golden altar of the Shining One.
There is a stone staircase leading up here.
There are monsters nearby!
You climb upwards.
Level annotation: 3 runed translucent doors, ionbeam3's ghost, amateur MiGl
There is a stone staircase leading down here.
There is an open door here.
There is a stone staircase leading down here.
You climb downwards.
Level annotation: Dowan; Duvessa Blork the orc shouts!
The kobold shouts!
The goblin shouts!
There is a stone staircase leading up here.
Blork the orc hits you with a +4 heavy war axe!
There is a stone staircase leading up here.
The goblin closely misses you.
Blork the orc gestures at you while chanting.
The puff of frost hits you. You resist.
* * * LOW HITPOINT WARNING * * *
You climb upwards.
Level annotation: 3 runed translucent doors, ionbeam3's ghost, amateur MiGl
There is a stone staircase leading down here.
Unknown command.
Aiming: Kiss of Death (safe; 17% risk of failure)
Press: ? - help, Q - select action, (/) - cycle Shift-Dir - straight line, f - Blork the orc
Aim: Blork the orc, wielding a +4 heavy war axe and wearing a +0 robe (100% to hit)
The negative energy hits Blork the orc!
Blork the orc is drained!
Blork the orc is moderately wounded.
You feel drained. The goblin closely misses you.
Blork the orc hits you with a +4 heavy war axe!
Ouch! That really hurt!
You die...

#....# ####.##.# ##
#.....#.########## .#
#.....#..........† .#
#...############## .#
#...'...# .# #...###.#
.###############o..# #.#
...............g@..# #Y#
.####......#####...###.#
.# #..........'...'...#
.#
#.....######...#########
.# ##....##
#######........# .#
#....## #...# #.######.#
.###....# #...###.# #.#
.##.....# #.......# #.#
.#..#...#
#.......######.######


You could see Blork the orc (very drained) and a goblin.

Vanquished Creatures
  An ice beast (D:3)
  Terence (D:3)
  5 adders
  3 worms
  2 dart slugs (D:1)
  3 ball pythons
  5 bats
  5 endoplasms
  3 giant cockroaches
  2 goblins
  2 hobgoblins (D:2)
  2 quokkas
  2 frilled lizards
  6 kobolds
  7 rats
49 creatures vanquished.

Notes
Turn   | Place    | Note
-------+----------+-------------------------------------------
     0 | D:1      | browni3141 the Demigod Reaver began the quest for the Orb.
     0 | D:1      | Reached XP level 1. HP: 17/17 MP: 5/5
   334 | D:1      | Reached skill level 3 in Long Blades
   372 | D:1      | Reached XP level 2. HP: 23/24 MP: 7/7
  1021 | D:2      | Reached XP level 3. HP: 24/29 MP: 8/8
  1265 | D:2      | Reached skill level 4 in Long Blades
  1838 | D:3      | Noticed an ice beast
  2372 | D:3      | Noticed Terence
  2384 | D:3      | Killed Terence
  2385 | D:3      | Reached XP level 4. HP: 25/33 MP: 9/9
  2483 | D:3      | Found a runed translucent gate.
  2483 | D:3      | Found a runed translucent gate.
  2483 | D:3      | Found a runed translucent gate.
  2485 | D:3      | Noticed ionbeam3's ghost (amateur MiGl)
  2597 | D:3      | Killed an ice beast
  2598 | D:3      | Reached skill level 5 in Long Blades
  2598 | D:3      | Reached XP level 5. HP: 3/35 MP: 6/10
  3208 | D:4      | Noticed Duvessa
  3208 | D:4      | Noticed Dowan
  3231 | D:4      | Noticed Blork the orc
  3236 | D:3      | Slain by Blork the orc

Illustrated notes

Levels and vault maps discovered:
D:1:      arrival_zaba_pyramid, layout_basic, dreamdust_wishing_well
D:2:      layout_basic, minmay_stone_trees_small
D:3:      layout_basic, ebering_ghost_gozag, uniq_terence
D:4:      layout_rooms, amcnicky_altar_gilded, uniq_duvessa, uniq_blork_the_orc,
          uniq_ijyb

Skill      XL: |  1  2  3  4 |
---------------+-------------+-----
Fighting       | 2 |  2.0
Long Blades    | 3 4 5 |  5.7
Dodging        | |  1.7
Spellcasting   | |  1.7
Conjurations   | |  2.6

Action                     |  1- 3 |  4- 6 || total
---------------------------+-------+-------++-------
  Melee: Falchion          |   139 |    50 ||   189
         Punch             |     2 |     1 ||     3
   Cast: Kiss of Death     |     1 |     4 ||     5
    Use: Scroll            |     5 |       ||     5
   Stab: Sleeping          |     2 |       ||     2
 Armour: Leather armour    |    34 |    13 ||    47
  Dodge: Dodged            |    84 |    35 ||   119
